 Dungeon Crawl Stone Soup version 0.30.0-5-g1a98f26d00 (webtiles) character file.

Game seed: 17207374513415516849

80 KittyFluff the Trooper (level 4, 0/43 HPs)
             Began as a Gargoyle Berserker on May 9, 2023.
             Was a Believer of Trog.
             Slain by a gnoll
             ... wielding a +0 halberd
              (6 damage)
             ... on level 2 of the Dungeon on May 10, 2023.
             The game lasted 00:07:10 (1084 turns).

KittyFluff the Trooper (Gargoyle Berserker)         Turns: 1084, Time: 00:07:11

Health: 0/43       AC:  5    Str: 20    XL:     4   Next: 39%
Magic:  4/4        EV: 11    Int:  8    God:    Trog [**....]
Gold:   56         SH:  3    Dex: 11    Spells: 3/3 levels left

rFire   . . .        a - +0 mace
rCold   + . .        k - +0 buckler
rNeg    + . .        b - +0 animal skin
rPois   ∞            (no helmet)
rElec   +            (no cloak)
rCorr   .            (no gloves)
SInv    .            (no boots)
Will    .....        (no amulet) Stlth
                     d - ring of protection from cold
HPRegen 0.27/turn    (no ring)
MPRegen 0.09/turn

%: no passive effects
@: berserking, very quick
A: sickness immunity, AC +3, negative energy resistance 1, electricity
resistance, torment resistance 1, petrification resistance
a: Renounce Religion, Berserk, Trog's Hand


You were on level 2 of the Dungeon.
You worshipped Trog.
Trog was pleased with you.
You visited 1 branch of the dungeon, and saw 2 of its levels.

You collected 56 gold pieces.

Inventory:

Hand Weapons
 a - a +0 mace (weapon)
 g - a +0 sling
Missiles
 j - 5 boomerangs (quivered)
Armour
 b - a +0 animal skin (worn)
 k - a +0 buckler (worn)
Jewellery
 d - a ring of protection from cold (left hand)
Scrolls
 c - a scroll of amnesia {unknown}
 e - a scroll of vulnerability {unknown}
 f - a scroll of poison {unknown}
 h - 3 scrolls of identify {unknown}
 i - a scroll of summoning {unknown}
Potions
 l - 2 potions of curing {unknown}


   Skills:
 + Level 4.2 Fighting
 + Level 4.1 Maces & Flails
 + Level 2.4 Armour
 + Level 1.8 Dodging


You had 3 spell levels left.
You didn't know any spells.
Your spell library was empty.

Dungeon Overview and Level Annotations

Branches:
Dungeon (2/15)

Altars:

Shops:
D:1 =*?**


Innate Abilities, Weirdness & Mutations

You are immune to sickness and miasma.
Your stone body is resilient. (AC +3)
You are immune to poison.
You resist negative energy. (rN+)
You are resistant to electric shocks. (rElec)
You are resistant to unholy torment.
You are immune to petrification.


Message History

The gnoll hits you with a +0 club.
You hit the gnoll.
The gnoll is severely wounded.
The gnoll hits you but does no damage.
You closely miss the gnoll.
The gnoll is heavily wounded.
The gnoll hits you with a +0 club.
You hit the gnoll.
You kill the gnoll!
Trog accepts your kill.
A gnoll comes into view. It is wielding a +0 halberd.
The gnoll misses you.
You barely miss the gnoll.
The gnoll shouts!
You block the gnoll's attack.
You barely miss the gnoll. The gnoll hits you with a +0 club.
You hit the gnoll.
The gnoll is moderately wounded.
The gnoll hits you with a +0 club.
You hit the gnoll but do no damage.
The gnoll is moderately wounded.
You block the gnoll's attack. The gnoll hits you but does no damage.
You hit the gnoll.
The gnoll is heavily wounded.
The gnoll hits you with a +0 club.
The gnoll hits you from afar with a +0 halberd.
* * * LOW HITPOINT WARNING * * *
A red film seems to cover your vision as you go berserk!
You feel yourself moving faster!
You feel mighty! The gnoll closely misses you. The gnoll barely misses you.
You sock the gnoll!
You kill the gnoll!
Trog accepts your kill.
The gnoll hits you from afar with a +0 halberd.
* * * LOW HITPOINT WARNING * * *
Items here: )) ††.
You thump the gnoll!
The gnoll is almost dead.
The gnoll hits you with a +0 halberd.
You die...

[.#.#####.##..##..<~≈≈~~.#
###.# #.#.#.##.)~≈≈≈##+#
.##.#####..###....~≈≈≈#.
.##.......## ##..#≈≈≈≈#._
.#.......[.###.#(#≈≈≈≈#...
.#.#.####...#.....≈≈≈≈# ##
.####.# ####..##.##≈≈≈≈≈ ≈
.#.#.## ##.##.# .≈≈≈≈≈
.##.## #.##@# .≈~~~≈
~############.#..g.....~
~~.......'....#.#.......
.........'.####. .....[.
~~.......'.# ## ##....#
~########### ...#. .# ..#
.# ... .#


You could see a gnoll.

Vanquished Creatures
  An adder (D:2)
  2 gnolls (D:2)
  5 dart slugs (D:1)
  A bat (D:2)
  3 endoplasms
  3 giant cockroaches (D:1)
  3 goblins (D:1)
  2 hobgoblins (D:1)
  6 kobolds
  A quokka (D:1)
  5 ball pythons
  3 frilled lizards
  5 rats (D:1)
40 creatures vanquished.

Notes
Turn   | Place    | Note
-------+----------+-------------------------------------------
     0 | D:1      | KittyFluff the Gargoyle Berserker began the quest for the
                  | Orb.
     0 | D:1      | Reached XP level 1. HP: 14/14 MP: 1/1
    28 | D:1      | Found Puchas's Magic Scroll Emporium.
    40 | D:1      | Found Riygy's General Store.
    85 | D:1      | Found Gag Ucum's Assorted Antiques.
    92 | D:1      | Found Byluek's Jewellery Shoppe.
    97 | D:1      | Reached XP level 2. HP: 19/19 MP: 2/2
   356 | D:1      | Reached XP level 3. HP: 24/24 MP: 3/3
   481 | D:1      | Reached ** piety under Trog
   651 | D:1      | Found Xaeghas's General Store.
   870 | D:2      | Found a faded altar of an unknown god.
  1012 | D:2      | Reached XP level 4. HP: 29/29 MP: 4/4
  1084 | D:2      | Slain by a gnoll

Illustrated notes

Levels and vault maps discovered:
D:1:      lightli_arrival_farm, layout_basic, serial_shops, shop,
          nicolae_shop_pleasant_corner_grove, shop, shop, shop, minmay_cupped
D:2:      layout_loops_ring, serial_shops, nicolae_square_shop,
          nicolae_ecumenical_lake_church, minmay_misc_feat_ornament,
          kennysheep_cross_bottleneck

Skill      XL: |  1  2  3  4 |
---------------+-------------+-----
Fighting       | 4 |  4.2
Maces & Flails | 4 |  4.1
Armour         | |  2.4
Dodging        | |  1.8

Action                     |  1- 3 |  4- 6 || total
---------------------------+-------+-------++-------
  Melee: Mace              |    95 |    14 ||   109
 Invoke: Berserk           |       |     1 ||     1
 Armour: Animal skin       |    34 |     3 ||    37
  Dodge: Dodged            |    52 |     8 ||    60
  Block: Buckler           |     2 |     3 ||     5
